 Dungeon Crawl Stone Soup version 0.27.0-1-g7a089689b8 (webtiles) character file.

Game seed: 1927402900871690455

84611 freelancePsychic the Geomancer (level 14, -2/122 HPs)
             Began as a Demigod Earth Elementalist on Aug 14, 2021.
             Killed by nerve-wracking pain
             ... invoked by an orc high priest
              (5 damage)
             ... on level 2 of the Orcish Mines.
             The game lasted 00:56:53 (30841 turns).

freelancePsychic the Geomancer (DgEE)              Turns: 30841, Time: 00:56:53

Health: -2/122     AC:  7    Str:  7    XL:     14   Next: 96%
Magic:  3/30       EV: 18    Int: 41    God:
Gold:   648        SH:  5    Dex: 14    Spells: 10/29 levels left

rFire    + . .     SeeInvis .   r - +11 falchion "Leet" {distort, +Rage rF+ Str-2 Int+4}
rCold    . . .     Faith    .   T - +0 buckler
rNeg     . . .     Spirit   .   L - +0 troll leather armour
rPois    +         Reflect  .   s - +0 helmet
rElec    .         Harm     .   G - +0 cloak
rCorr    .         Rampage  .   (no gloves)
Will     +....                  c - +0 pair of boots
Stlth    ++........             V - amulet "Ameum" {rPois Will- Regen+ Int+4}
HPRegen  2.30/turn              g - ring of willpower
MPRegen  0.22/turn              b - +4 ring of evasion

@: lethally poisoned (-2 -> -7)
A: high mp 1, forlorn
a: Evoke Berserk Rage


You were on level 2 of the Orcish Mines.
You visited 3 branches of the dungeon, and saw 21 of its levels.

You collected 1851 gold pieces.
You spent 1203 gold pieces at shops.

Inventory:

Hand Weapons
 r - the +11 falchion "Leet" (weapon) {distort, +Rage rF+ Str-2 Int+4}
   (You found it on level 4 of the Dungeon)

   It warps and distorts space around it, and may blink, banish, or inflict
   extra damage upon those it strikes.
   Unwielding it can cause banishment or high damage.
   Str:       It affects your strength (-2).
   Int:       It affects your intelligence (+4).
   rF:        It protects you from fire.
   +Rage:     It lets you go berserk.
 P - the +8 whip "Snakebite" {venom, curare, rPois}
   (You found it on level 1 of the Lair of Beasts)

   It poisons the flesh of those it strikes.
   It occasionally inflicts asphyxiating poison on those it strikes, dealing
   poison damage and causing slowness.
   rPois:     It protects you from poison.
Missiles
 n - 165 stones
 M - 4 throwing nets
Armour
 c - a +0 pair of boots (worn)
 s - a +0 helmet (worn)
 F - the -2 cloak of the Apothecary {Harm Str-4 Dex+8}
   (You bought it in a shop on level 9 of the Dungeon)

   Str:       It affects your strength (-4).
   Dex:       It affects your dexterity (+8).
   Harm:      It increases damage dealt and taken.
 G - a +0 cloak (worn)
 H - +0 steam dragon scales
 K - +0 acid dragon scales
 L - a +0 troll leather armour (worn)
 T - a +0 buckler (worn)
 Y - the +1 pair of gloves "Faafac" {Harm Str+2}
   (You bought it in a shop on level 9 of the Dungeon)

   Str:       It affects your strength (+2).
   Harm:      It increases damage dealt and taken.
Magical Staves
 q - a staff of air
Jewellery
 b - a +4 ring of evasion (right hand)
 g - a ring of willpower (left hand)
 i - a ring of see invisible
 w - a ring of flight
 J - an amulet of the acrobat
 N - a +6 ring of dexterity
 O - the amulet "Basal" {Spirit rC+ Will- Str+2 Slay+4}
   (You found it on level 2 of the Lair of Beasts)

   [amulet of guardian spirit]

   It causes incoming damage to be divided between your reserves of health and
   magic.
   Str:       It affects your strength (+2).
   Slay:      It affects your accuracy & damage with ranged weapons and melee
   (+4).
   rC:        It protects you from cold.
   Will:      It decreases your willpower.
 Q - a ring of poison resistance
 R - a ring of willpower
 V - the amulet "Ameum" (around neck) {rPois Will- Regen+ Int+4}
   (You found it on level 6 of the Lair of Beasts)

   [amulet of regeneration]

   Int:       It affects your intelligence (+4).
   rPois:     It protects you from poison.
   Regen:     It increases your rate of health regeneration.
   Will:      It decreases your willpower.
Wands
 B - a wand of flame (82)
 D - a wand of polymorph (8)
 X - a wand of paralysis (12)
Scrolls
 a - 9 scrolls of teleportation {unknown}
 d - 3 scrolls of fear {unknown}
 f - 8 scrolls of identify {unknown}
 k - 4 scrolls of enchant armour {unknown}
 l - 3 scrolls of blinking {unknown}
 m - 4 scrolls of torment {unknown}
 p - a scroll of amnesia {unknown}
 t - 2 scrolls of enchant weapon {unknown}
 x - 4 scrolls of fog {unknown}
 y - 4 scrolls of noise {unknown}
 z - 3 scrolls of vulnerability {unknown}
 A - 3 scrolls of magic mapping {unknown}
 W - a scroll of brand weapon {unknown}
Potions
 e - 3 potions of magic {unknown}
 h - 3 potions of attraction {unknown}
 j - 5 potions of might {unknown}
 o - 4 potions of curing {unknown}
 u - 5 potions of heal wounds {@q2}
 v - 2 potions of lignification {unknown}
 C - 3 potions of resistance {unknown}
 E - 5 potions of brilliance
 I - 2 potions of ambrosia {unknown}
 S - a potion of cancellation {unknown}
 U - 3 potions of haste {unknown}


   Skills:
 + Level 10.3 Fighting
 - Level 7.4 Dodging
 - Level 1.7 Stealth
 - Level 4.0 Shields
 - Level 8.3 Spellcasting
 + Level 9.6 Conjurations
 - Level 9.9 Necromancy
 - Level 3.9 Transmutations
 + Level 14.3 Earth Magic


You had 10 spell levels left.
You knew the following spells:

 Your Spells              Type           Power      Damage    Failure   Level
a - Iron Shot             Conj/Erth      43%        9d8       3%          6
b - Stone Arrow           Conj/Erth      100%       3d13      1%          3
c - Petrify               Tmut/Erth      75%        N/A       1%          4
d - Borgnjor's Vile Clut  Necr/Erth      43%        N/A       1%          5
e - Sandblast             Erth           100%       2d20      0%          1

Your spell library contained the following spells:

 Spells                   Type           Power      Damage    Failure   Level
 Beastly Appendage        Tmut           98%        N/A       1%          1
 Sting                    Tmut/Pois      100%       1d8       1%          1
 Passwall                 Tmut/Erth      62%        N/A       1%          2
 Wereblood                Tmut           49%        N/A       1%          2
 Animate Dead             Necr           39%        N/A       1%          4
 Mephitic Cloud           Conj/Pois/Air  43%        N/A       2%          3
 Summon Small Mammal      Summ           68%        N/A       3%          1
 Bolt of Magma            Conj/Fire/Erth 35%        4d15      3%          5
 Poisonous Vapours        Pois/Air       34%        N/A       4%          2
 Spider Form              Tmut/Pois      16%        N/A       4%          3
 Iskenderun's Mystic Bla  Conj/Tloc      54%        2d12      4%          4
 Ignite Poison            Fire/Tmut/Pois 27%        N/A       5%          3
 Death Channel            Necr           39%        N/A       8%          6
 Call Canine Familiar     Summ           17%        N/A       9%          3
 Gell's Gravitas          Tloc           8%         N/A       9%          3
 Inner Flame              Hex/Fire       17%        N/A       9%          3
 Lesser Beckoning         Tloc           8%         N/A       9%          3
 Summon Guardian Golem    Hex/Summ       17%        N/A       9%          3
 Teleport Other           Tloc           17%        N/A       9%          3
 Freezing Cloud           Conj/Ice/Air   21%        6-21      22%         5
 Cause Fear               Hex            8%         N/A       28%         4
 Olgreb's Toxic Radiance  Pois           17%        N/A       28%         4
 Passage of Golubria      Tloc           N/A        N/A       28%         4
 Summon Lightning Spire   Summ/Air       17%        N/A       28%         4
 Silence                  Hex/Air        8%         N/A       63%         5
 Summon Mana Viper        Hex/Summ       17%        N/A       63%         5
 Lehudib's Crystal Spear  Conj/Erth      43%        10d10     82%         8
 Invisibility             Hex            8%         N/A       99%         6
 Malign Gateway           Summ/Tloc      8%         N/A       100%        7
 Ozocubu's Refrigeration  Ice            8%         4d6       100%        7
 Discord                  Hex            8%         N/A       100%        8
 Ignition                 Fire           8%         3d5       100%        8
 Summon Horrible Things   Summ           8%         N/A       100%        8


Dungeon Overview and Level Annotations

Branches:
Dungeon (13/15)            Temple (0/1) D:5            Lair (6/6) D:11
 Shoals (0/4) Lair:4        Snake (0/4) Lair:3        Slime (0/5) Lair:5
    Orc (2/2) D:12            Elf (0/3) Orc:2
 Vaults: D:13-14

Shops:
D:4 [   D:9 *([![   D:11 :   Orc:2 !*

Annotations:
D:4 1 runed translucent door, SnakkuSnakku7's ghost, amateur OgEn
Lair:2 exclusion: 2 oklob plants
Lair:4 1 runed translucent door, rogsnak's ghost, adept DrFE
Lair:5 2 transporters
Abyss:1 Dowan; Edmund


Innate Abilities, Weirdness & Mutations

Your attributes grow dramatically as you level up.
You have an increased reservoir of magic. (+10% MP)
You shall have no god before yourself.


Message History

The infernal demonspawn is engulfed in seething chaos.
The infernal demonspawn flickers and vanishes!
Deactivating autopickup; reactivate with Ctrl-A.
Something hits you!
You are engulfed in flames!
You resist.
The orc high priest utters an invocation to Beogh.
Okay, then.
You barely miss the red devil. Something hits you!
You are engulfed in flames!
You resist.
You are poisoned.
You block the orc high priest's attack. The smoke demon completely misses you.
The smoke demon hits you. The smoke demon misses you.
The red devil barely misses you.
You closely miss the orc high priest.
You feel very sick. You block something's attack.
The orc high priest hits you but does no damage.
You block the smoke demon's attack.
The smoke demon hits you but does no damage.
The smoke demon misses you.
The red devil hops backward while attacking.
The red devil hits you from afar with a +0 trident!
You hit the orc high priest.
Space bends around the orc high priest.
The orc high priest is lightly wounded.
You feel very sick. Something closely misses you.
The orc high priest invokes the aid of Beogh against you.
Pain shoots through your body! The smoke demon gestures at you.
The ball of steam hits you! You resist.
* * * LOW HITPOINT WARNING * * *
The red devil hits you from afar with a +0 trident.
* * * LOW HITPOINT WARNING * * *
Something hits you!
* * * LOW HITPOINT WARNING * * *
You are engulfed in flames!
You resist.
* * * LOW HITPOINT WARNING * * *
You are lethally poisoned!
The orc high priest invokes the aid of Beogh against you.
Pain shoots through your body!
You die...

## ##..#... ##.##
#...#... ##...##
##.##... ### ##.....##
####... ###.##
##.#)..#.## ##.#
##....# ##..)).....#
### .....##
##..)#)#.#...#
......###..)##)o3##...
..#..###..)##..#@{## .
..#####...##..###§.#
### ..# ##.#.##..#
##4.# ###.#
.####..)##..# #..##...
##.... .#.###.#)##.
.##.#.###..)).
#..)###...##
#...###)..###
....)###...##
##...###...## #
..##).###.).##
##...###..###
..###..###)..##
##...###..##


You could see an orc high priest, a smoke demon (summoned) and a red devil
(summoned).

Vanquished Creatures
  Saint Roka (Orc:2)
  Snorg (D:11)
  2 boulder beetles
  Harold (D:11)
  7 hydras
  A merfolk avatar (Lair:6)
  A catoblepas (Lair:2)
  A death knight (D:12)
  4 death yaks
  5 two-headed ogres
  5 orc high priests (Orc:2)
  Urug (Orc:1)
  2 sun demons (Orc:2)
  A gelid demonspawn (Orc:2)
  A torturous demonspawn (Orc:2)
  A harpy (Lair:6)
  3 deep elf zephyrmancers (D:10)
  4 orc knights (Orc:2)
  2 deep elf pyromancers
  4 orc sorcerers (Orc:2)
  A merfolk siren (Lair:4)
  8 elephants
  3 manticores
  7 black mambas
  2 gargoyles
  Maggie (D:9)
  A torpor snail (Lair:6)
  2 orange demons (Orc:2)
  15 cane toads
  15 komodo dragons
  10 rime drakes
  2 freezing wraiths (D:12)
  A hellwing (Orc:2)
  An efreet (D:11)
  A red devil (Orc:2)
  5 trolls
  A wind drake (Lair:6)
  9 slime creatures (D:12)
  2 polar bears (Lair:6)
  10 blink frogs
  Grinder (D:5)
  A snapping turtle (Lair:6)
  48 yaks
  3 shadows
  A water elemental (D:12)
  4 wyverns
  A ynoxinul (Orc:2)
  6 wraiths
  Eustachio (D:5)
  A vampire mosquito (D:12)
  A fire elemental (Lair:6)
  6 steam dragons
  5 basilisks
  22 water moccasins
  Duvessa (D:7)
  2 wargs
  2 acid dragons
  4 nagas (Lair:3)
  33 orc warriors
  2 sky beasts (D:5)
  2 necrophages
  4 ice beasts
  2 black bears
  3 centaurs
  6 ogres
  9 wolves (Lair:4)
  3 kobold brigands
  10 bullfrogs
  2 scorpions
  A killer bee (D:8)
  6 wights
  2 lava snakes (D:12)
  A bullfrog zombie (D:6)
  4 centaur zombies
  3 hounds
  A bullfrog skeleton (D:5)
  24 orc priests
  A centaur skeleton (D:7)
  3 iguanas
  A scorpion zombie (D:5)
  19 orc wizards
  2 killer bee zombies
  4 howler monkey zombies
  7 gnolls
  13 adders
  2 white imps (D:7)
  An ufetubus (D:6)
  4 worms
  84 orcs
  3 ball pythons
  11 endoplasms
  A giant cockroach (D:3)
  11 goblins
  4 hobgoblins
  2 jackals (D:1)
  17 kobolds
  4 quokkas
  12 bats
  5 frilled lizards
  3 rats
587 creatures vanquished.

Vanquished Creatures (others)
  A yak (D:11)
  A human (D:8)
  An orc (Orc:1)
  27 fungi
  55 plants
85 creatures vanquished.

Grand Total: 672 creatures vanquished

Notes
Turn   | Place    | Note
-------+----------+-------------------------------------------
     0 | D:1      | freelancePsychic the Demigod Earth Elementalist began the
                  | quest for the Orb.
     0 | D:1      | Reached XP level 1. HP: 14/14 MP: 5/5
   142 | D:1      | Reached skill level 3 in Earth Magic
   143 | D:1      | Reached skill level 1 in Conjurations
   216 | D:1      | Reached XP level 2. HP: 20/20 MP: 5/7
   812 | D:1      | Reached XP level 3. HP: 26/26 MP: 5/8
  1077 | D:1      | Learned a level 3 spell: Stone Arrow
  2266 | D:2      | Reached XP level 4. HP: 33/33 MP: 5/9
  2766 | D:2      | Reached skill level 4 in Earth Magic
  3171 | D:3      | Reached XP level 5. HP: 38/38 MP: 0/10
  4295 | D:4      | Found Ykeun's Antique Armour Shoppe.
  4299 | D:4      | Identified the +11 falchion "Leet" {distort, +Rage rF+
                  | Str-2 Int+4}
  4565 | D:4      | Noticed an ogre
  4570 | D:4      | Banished an ogre
  4571 | D:4      | Reached skill level 5 in Earth Magic
  4571 | D:4      | Reached XP level 6. HP: 45/45 MP: 1/11
  4720 | D:4      | Found a runed translucent door.
  4724 | D:4      | Noticed SnakkuSnakku7's ghost (amateur OgEn)
  5179 | D:5      | Entered Level 5 of the Dungeon
  5181 | D:5      | Noticed Grinder
  5195 | D:5      | Killed Grinder
  5327 | D:5      | Found a staircase to the Ecumenical Temple.
  5474 | D:5      | Reached XP level 7. HP: 50/50 MP: 5/12
  5546 | D:5      | Reached skill level 5 in Conjurations
  5546 | D:5      | Reached skill level 6 in Earth Magic
  5592 | D:5      | Noticed Eustachio
  5766 | D:5      | Reached skill level 1 in Transmutations
  5769 | D:5      | Killed Eustachio
  5770 | D:5      | Reached skill level 1 in Fighting
  6490 | D:5      | Reached XP level 8. HP: 53/62 MP: 5/15
  6495 | D:5      | Learned a level 4 spell: Petrify
  6892 | D:6      | Noticed Edmund
  6922 | D:5      | Banished Edmund
  7298 | D:6      | Reached skill level 1 in Necromancy
  7551 | D:6      | Reached skill level 7 in Earth Magic
  7606 | D:6      | Learned a level 5 spell: Borgnjor's Vile Clutch
  7849 | D:6      | Reached XP level 9. HP: 69/71 MP: 3/16
  8168 | D:7      | Noticed Duvessa
  8170 | D:7      | Noticed Dowan
  8180 | D:7      | Killed Duvessa
  8186 | D:7      | Banished Dowan
  8566 | D:7      | Reached skill level 8 in Earth Magic
  9515 | D:8      | Reached skill level 5 in Necromancy
  9943 | D:8      | Reached skill level 9 in Earth Magic
 10531 | D:8      | Reached XP level 10. HP: 72/78 MP: 11/17
 10879 | D:9      | Found Dekac's Distillery.
 10882 | D:9      | Bought a potion of brilliance for 56 gold pieces
 10963 | D:9      | Found Ocuytoth's Antique Armour Boutique.
 10967 | D:9      | Bought a bloodstained cloak for 228 gold pieces
 10967 | D:9      | Identified the -2 cloak of the Apothecary {Harm Str-4
                  | Dex+8} (You bought it in a shop on level 9 of the Dungeon)
 11107 | D:9      | Found Nufics's Antique Weapon Shop.
 11259 | D:9      | Found Tisuqen's Antique Armour Shop.
 11379 | D:9      | Reached skill level 5 in Fighting
 11530 | D:9      | Noticed Maggie
 11537 | D:9      | Killed Maggie
 11683 | D:9      | Noticed a two-headed ogre
 11688 | D:9      | Killed a two-headed ogre
 11689 | D:9      | Reached skill level 10 in Earth Magic
 11809 | D:9      | Found Befusor's Assorted Antiques.
 11921 | D:9      | Noticed a two-headed ogre
 11925 | D:9      | Killed a two-headed ogre
 12153 | D:10     | Entered Level 10 of the Dungeon
 12158 | D:10     | Noticed a two-headed ogre
 12442 | D:10     | Noticed a deep elf zephyrmancer
 12445 | D:10     | Killed a deep elf zephyrmancer
 12568 | D:10     | Noticed a deep elf zephyrmancer
 12570 | D:10     | Got Ts'ui Pên's Incunabulum of Forking Paths
 12583 | D:10     | Noticed a deep elf zephyrmancer
 12590 | D:10     | Reached XP level 11. HP: 79/91 MP: 8/19
 12592 | D:10     | Killed a deep elf zephyrmancer
 12858 | D:10     | Killed a deep elf zephyrmancer
 12867 | D:10     | Noticed a deep elf pyromancer
 12873 | D:10     | Killed a deep elf pyromancer
 12877 | D:10     | Got the Papyrus of Combed Thunderclap
 12904 | D:10     | Noticed a two-headed ogre
 13419 | D:10     | Killed a two-headed ogre
 13420 | D:10     | Reached skill level 11 in Earth Magic
 13782 | D:11     | Noticed Snorg
 13793 | D:11     | Killed Snorg
 14025 | D:11     | Noticed Sonja
 14031 | D:11     | Noticed Sonja
 14031 | D:11     | Sonja changed into Sonja the scorpion
 14032 | D:11     | Killed Sonja the scorpion
 14521 | D:11     | You fall into a shaft and drop 2 floors!
 15375 | D:11     | Noticed Harold
 15375 | D:11     | Noticed a two-headed ogre
 15378 | D:11     | Killed Harold
 15379 | D:11     | Reached XP level 12. HP: 103/103 MP: 8/20
 15505 | D:11     | Found Ehuts's Book Emporium.
 15722 | D:11     | Found a staircase to the Lair.
 16120 | Lair:1   | Entered Level 1 of the Lair of Beasts
 16391 | Lair:1   | Reached skill level 12 in Earth Magic
 16726 | Lair:1   | You fall into a shaft and drop 1 floor!
 16736 | Lair:2   | Identified the amulet "Basal" {Spirit rC+ Will- Str+2
                  | Slay+4}
 16783 | Lair:2   | Noticed a catoblepas
 17227 | Lair:1   | Found the +8 whip "Snakebite" {venom, curare, rPois}
 18342 | Lair:2   | Killed a catoblepas
 18469 | Lair:3   | Reached skill level 5 in Spellcasting
 19111 | D:11     | Bought the Catalogue of the Entourage and Stones for 644
                  | gold pieces
 19118 | D:11     | Learned a level 6 spell: Iron Shot
 19376 | Lair:3   | Found a staircase to the Snake Pit.
 19511 | Lair:3   | Noticed a four-headed hydra
 19517 | Lair:3   | Killed a four-headed hydra
 19989 | Lair:3   | Reached XP level 13. HP: 112/112 MP: 15/24
 20829 | Lair:4   | Reached skill level 13 in Earth Magic
 21086 | Lair:4   | Found a runed translucent door.
 21094 | Lair:4   | Noticed rogsnak's ghost (adept DrFE)
 21152 | Lair:4   | Identified the +3 leather armour "Vennut" {rF+ Str+4 Int-2}
 21586 | Lair:4   | Reached skill level 5 in Dodging
 21728 | Lair:4   | Found a staircase to the Shoals.
 22151 | Lair:5   | Found a transporter.
 22156 | Lair:5   | Found a transporter.
 22220 | Lair:5   | Found a staircase to the Slime Pits.
 23340 | Lair:6   | Entered Level 6 of the Lair of Beasts
 24405 | Lair:6   | Reached XP level 14. HP: 59/119 MP: 0/25
 24906 | Lair:6   | Got the Compendium of the Spatial Mountains
 24932 | Lair:6   | Reached skill level 1 in Shields
 25328 | Lair:6   | Identified the amulet "Ameum" {rPois Will- Regen+ Int+4}
 27700 | D:12     | Found a staircase to the Orcish Mines.
 27795 | Orc:1    | Entered Level 1 of the Orcish Mines
 27891 | D:9      | Bought a pair of bloodstained gloves for 275 gold pieces
 27891 | D:9      | Identified the +1 pair of gloves "Faafac" {Harm Str+2} (You
                  | bought it in a shop on level 9 of the Dungeon)
 28098 | Orc:1    | Noticed Urug
 28105 | Orc:1    | Killed Urug
 28336 | Orc:2    | Entered Level 2 of the Orcish Mines
 28340 | Orc:2    | Noticed Saint Roka
 28601 | Orc:2    | Killed Saint Roka
 28840 | Orc:2    | Found Zasev's General Store.
 28888 | Orc:2    | Reached skill level 14 in Earth Magic
 29015 | Orc:2    | Found Geyxoc's Distillery.
 29405 | Orc:2    | Found a staircase to the Elven Halls.
 29821 | Orc:2    | Reached skill level 10 in Fighting
 30841 | Orc:2    | HP: 3/122 [something (8)]
 30841 | Orc:2    | Killed from afar by an orc high priest

Illustrated notes

Levels and vault maps discovered:
D:1:      eino_arrival_tree_alley, layout_basic, hangedman_decor_diamond_cutter
D:2:      layout_basic
D:3:      layout_loops_ring, hellmonk_ecumenical_altar_blasted
D:4:      layout_basic, ebering_ghost_sewer_d, serial_shops,
          nicolae_shop_statue_plus
D:5:      layout_basic, minmay_temple_entry_stoned_glass, uniq_eustachio,
          uniq_grinder
D:6:      layout_cave_pools, nrook_mini_vaults, uniq_edmund
D:7:      layout_loops_cross, minmay_crystal_room, uniq_duvessa
D:8:      minmay_s_stair_smasher, layout_loops_cross,
          nicolae_overflow_crystal_walls, tgw_kikubaaqudgha
D:9:      layout_roguey, mainiacjoe_overflow_chevrons,
          grunt_temple_overflow_diamond, serial_shops, shop, shop, shop,
          nicolae_stop_n_shop_2, nicolae_shop_trees, uniq_maggie
D:10:     layout_basic, enter_bailey_5, bh_hangedman_babel_library
D:11:     layout_roguey, erik_lair_dragon, serial_shops, kennysheep_little_box,
          uniq_snorg, uniq_sonja, uniq_harold
D:12:     layout_basic, david_orc_4, serial_shops, bzr_entry_dummy,
          amcnicky_mini_pool_medium
D:13:     layout_roguey, skrybe_vaults_entry_preservation, serial_aquarium,
          aquarium_bridge_straight [aquarium_subvault_bridge,
          aquarium_subvault_wall, aquarium_subvault_bridge,
          aquarium_subvault_balcony], aquarium_window_1, aquarium_window_2,
          aquarium_view_2b, aquarium_balcony_5b
Lair:1:   minmay_guarded_unrand_snakebite, layout_chaotic_city
Lair:2:   layout_regular_city, minmay_lair_oklob_chamber
Lair:3:   layout_long_grid, guppyfry_snake_entry_garden, wad_woods_road_02
Lair:4:   layout_cave_pods, minmay_shoals_entry_lonely_mermaid,
          ebering_ghost_inner_flame, grunt_megastairs_2, serial_bayou_shore_b,
          lemuel_fruit_tree
Lair:5:   gammafunk_boulding_lane, layout_gridlike, slime_altar_1,
          hangedman_lair_generics_rect, infiniplex_staircase_pool_2
Lair:6:   gammafunk_lair_ancient_temple, layout_gridlike
Orc:1:    layout_diamond_mine, uniq_urug
Orc:2:    pf_orc_diabolical, layout_diamond_mine, uniq_saint_roka

Skill      XL: |  1  2  3  4  5  6  7  8  9 10 11 12 13 14 |
---------------+-------------------------------------------+-----
Earth Magic    | 3 4 5 6 7 9 10 11 12 13 14 | 14.3
Conjurations   | 1 2 3 4 5 6 8 9 |  9.6
Transmutations | 2 3 |  3.9
Fighting       | 2 3 4 6 8 9 10 | 10.3
Spellcasting   | 3 5 8 |  8.3
Necromancy     | 3 6 8 9 |  9.9
Dodging        | 3 7 |  7.4
Shields        | 4 |  4.0
Stealth        | |  1.7

Action                   |  1- 3 |  4- 6 |  7- 9 | 10-12 | 13-15 || total
-------------------------+-------+-------+-------+-------+-------++-------
Melee: Unarmed           |    36 |       |       |       |       ||    36
       Whip              |       |    28 |       |       |       ||    28
       Falchion          |       |    20 |    79 |   186 |   321 ||   606
 Cast: Sandblast         |    46 |       |       |       |       ||    46
       Stone Arrow       |    17 |    48 |    96 |   128 |    44 ||   333
       Petrify           |       |       |     5 |     2 |     2 ||     9
       Borgnjor's Vile C |       |       |    15 |    79 |   109 ||   203
       Iron Shot         |       |       |       |       |    96 ||    96
Evoke: Wand              |       |       |       |     1 |       ||     1
 Stab: Petrified         |       |       |     6 |     5 |     1 ||    12
       Distracted        |       |       |       |     1 |       ||     1
Armor: Robe              |    32 |     8 |    24 |     2 |       ||    66
       Steam dragon scal |       |       |       |    19 |       ||    19
       Troll leather arm |       |       |       |    18 |    69 ||    87
Dodge: Dodged            |    58 |    33 |    56 |   150 |   351 ||   648
Block: Buckler           |       |       |       |       |    20 ||    20
       Rpst.: Falchion   |       |     2 |    13 |    41 |    96 ||   152
